Unix NetHack Version 3.7.0-50 Work-in-progress - last build Feb 18 2022 03:49:16. Game began 2022-02-22 22:17:48, ended 2022-02-24 06:54:17. hackemslashem, chaotic male human Rogue ----- |... --- --..--------- ...-- --...|.......| ......---$...|...@...| .......B.AA..-.L.@@..| ..%....---....|.......| ..%...-- --...|.......| --.---- --..--------- --.%.-- |... ...%)....... ----- ...))........ ...).."%. ... .....%.... ......... ------- Hackemslashem the Robber St:25 Dx:17 Co:18 In:17 Wi:17 Ch:12 Chaotic Astral Plane $:1009 HP:140(223) Pw:97(97) AC:-12 Exp:17 T:32032 Latest messages: "Look! Thy bootlace is undone!" The renegade Angel of Kos hits! The renegade Angel of Kos hits! The renegade Angel of Kos hits! The renegade Angel of Kos casts a spell at you! You are hit by a shower of missiles! The missiles bounce off! You can see again. The Angel of Mog swings her long sword. The Angel of Mog hits! The Angel of Mog swings her long sword. The Angel of Mog hits! The Angel of Mog hits! The Angel of Mog casts a spell at you! You are hit by a shower of missiles! The missiles bounce off! The Angel of Mog picks up a mace. The Angel of Mog picks up a scroll of create monster. The renegade Angel of Kos zaps you with a magic missile! The magic missile whizzes by you! The priestess of Issek swings her mace. The priestess of Issek misses! The priestess of Issek kicks! The priestess of Issek casts a spell at you! You feel as if you need some help. You feel a malignant aura surround you. The high priest intones: "Pilgrim, you enter a sacred place!" The Angel of Mog zaps you with a magic missile! The magic missile whizzes by you! The magic missile hits the demilich! The Angel of Mog picks up a robe. The Angel of Mog puts on a robe. "Come here often?" The Angel of Mog zaps you with a magic missile! The magic missile whizzes by you! The magic missile misses the demilich. The magic missile hits the high priest. The Angel of Mog picks up a small shield. The high priest casts a spell! The high priest looks better. There is a high altar to Kos (chaotic) here. # What do you want to sacrifice? [B or ?*] You offer the Amulet of Yendor to Kos... An invisible choir sings, and you are bathed in radiance... The voice of Kos booms: "Mortal, thou hast done well!" "In return for thy service, I grant thee the gift of Immortality!" You ascend to the status of Demigod... Do you want to see the dungeon overview? [ynq] (y) Major events: Turn 1: hackemslashem the chaotic male human Rogue entered the dungeon 1: hit with a wielded weapon for the first time 1: killed for the first time 391: ate for the first time - jackal corpse 391: consumed animal products for the first time, by eating a jackal corpse 415: entered new level 2, The Dungeons of Doom 480: gained experience level 2 763: rejected atheism with a prayer 907: entered new level 3, The Dungeons of Doom 947: became literate by engraving "Elbereth" 1396: attained the rank of Cutpurse (level 3) 1410: entered new level 4, The Dungeons of Doom 1511: entered new level 5, The Dungeons of Doom 1795: entered new level 1, The Gnomish Mines 1795: entered the Gnomish Mines 2106: gained experience level 4 2437: gained experience level 5 2662: entered new level 6, The Dungeons of Doom 3149: entered new level 7, The Dungeons of Doom 3300: attained the rank of Rogue (level 6) 3484: entered new level 4, Sokoban 3484: entered Sokoban 3657: entered new level 3, Sokoban 4199: entered new level 2, Sokoban 4564: entered new level 8, The Dungeons of Doom 4574: entered new level 9, The Dungeons of Doom 4734: gained experience level 7 4790: entered new level 1, Sokoban 5866: entered new level 10, The Dungeons of Doom 5943: entered new level 11, The Dungeons of Doom 6108: entered new level 12, The Dungeons of Doom 6113: gained experience level 8 6134: entered a temple 6204: entered new level 13, The Dungeons of Doom 6560: entered new level 14, The Dungeons of Doom 8431: gained experience level 9 8936: completed Sokoban 10522: entered new level 2, The Gnomish Mines 10631: entered new level 3, The Gnomish Mines 10731: entered new level 4, The Gnomish Mines 10744: reached Mine Town 10813: entered a shop 11542: attained the rank of Pilferer (level 10) 12605: entered new level 15, The Dungeons of Doom 12889: entered new level 16, The Dungeons of Doom 13056: entered new level 17, The Dungeons of Doom 13064: entered new level 18, The Dungeons of Doom 13166: entered new level 19, The Dungeons of Doom 13465: entered new level 20, The Dungeons of Doom 13495: entered new level 21, The Dungeons of Doom 14570: gained experience level 11 14821: had Stormbringer bestowed upon him by Kos 15790: entered new level 22, The Dungeons of Doom 16047: entered new level 23, The Dungeons of Doom 16411: entered new level 24, The Dungeons of Doom 16536: entered new level 25, The Dungeons of Doom 17019: entered new level 26, The Dungeons of Doom 17039: made his first wish - "blessed greased fixed bag of holding" 17612: had Werebane bestowed upon him by Kos 18082: entered new level 27, The Dungeons of Doom 18083: killed Medusa 18445: entered new level 28, The Dungeons of Doom 18485: gained experience level 12 19018: wished for "magic marker" 19507: wished for "2 blessed scrolls of charging" 19538: wished for "blessed greased +2 gray dragon scale mail" 19555: wished for "2 cursed scrolls of genocide" 20300: entered new level 1, Gehennom 20300: entered Gehennom 20414: gained experience level 13 20818: attained the rank of Robber (level 14) 21600: entered new level 1, The Quest 22322: entered new level 2, The Quest 22541: entered new level 3, The Quest 22768: entered new level 4, The Quest 22987: entered new level 5, The Quest 23207: killed the Master Assassin 23212: acquired the Bell of Opening 23429: gained experience level 15 23712: wished for "magic marker" 23713: wished for "blessed greased fireproof +3 oilskin cloak" 23729: wished for "magic marker" 24240: entered new level 2, Gehennom 24296: entered new level 3, Gehennom 24685: bribed Asmodeus with 277 zorkmids for safe passage 24706: entered new level 4, Gehennom 24996: entered new level 5, Gehennom 25144: entered new level 6, Gehennom 25453: entered new level 7, Gehennom 27872: killed the invisible Juiblex 27952: entered new level 8, Gehennom 28051: bribed Baalzebub with 11345 zorkmids for safe passage 28069: entered new level 9, Gehennom 28072: entered new level 10, Gehennom 28380: killed Orcus 28383: entered new level 11, Gehennom 28493: entered new level 3, Vlad's Tower 28544: entered new level 2, Vlad's Tower 28633: entered new level 1, Vlad's Tower 28816: destroyed the invisible Vlad the Impaler 28827: acquired the Candelabrum of Invocation 29158: entered new level 20, Gehennom 29288: entered new level 19, Gehennom 29408: entered new level 18, Gehennom 29601: entered new level 17, Gehennom 29778: entered new level 16, Gehennom 29782: entered new level 15, Gehennom 29794: killed the invisible Wizard of Yendor 29800: acquired the Book of the Dead 29829: performed the invocation 29829: entered new level 21, Gehennom 29967: gained experience level 16 30125: killed the high priestess of Moloch 30170: killed Yeenoghu 30171: acquired The Amulet of Yendor 30387: entered new level 14, Gehennom 30442: entered new level 13, Gehennom 30527: entered new level 12, Gehennom 31280: had Trollsbane bestowed upon him by Kos 31303: gained experience level 17 31627: entered new level 5, The Elemental Planes 31627: entered the Planes 31635: killed the Wizard of Yendor (5 times) 31723: entered new level 4, The Elemental Planes 31777: entered new level 3, The Elemental Planes 31880: entered new level 2, The Elemental Planes 31984: entered new level 1, The Elemental Planes 31984: entered the Astral Plane 32009: killed Pestilence Inventory: Coins $ - 1009 gold pieces Amulets X - an uncursed amulet of life saving q - an uncursed amulet of reflection (being worn) Weapons r - an uncursed +3 athame p - 8 blessed +2 daggers s - a blessed rustproof +7 katana named nc (wielded in left hand) a - the blessed rustproof +7 Stormbringer (wielded in right hand) Armor v - a cursed greased +0 orcish helm (being worn) h - an uncursed -1 pair of gauntlets of power (being worn) V - a cursed thoroughly burnt +5 pair of speed boots (being worn) t - a blessed fireproof +3 oilskin cloak (being worn) o - a blessed greased +2 gray dragon scale mail (being worn) Comestibles j - an uncursed tripe ration Scrolls y - a cursed scroll of create monster Potions Y - an uncursed potion of extra healing Rings C - an uncursed ring of conflict F - an uncursed ring of free action (on right hand) L - an uncursed ring of levitation T - an uncursed ring of teleport control Wands g - an uncursed wand of cancellation (0:1) A - an uncursed wand of death (1:6) Q - an uncursed wand of digging (0:8) z - an uncursed wand of digging (0:0) R - an uncursed wand of digging named empty (0:0) M - an uncursed wand of fire (0:5) k - an uncursed wand of lightning (0:3) w - an uncursed wand of lightning (0:0) e - an uncursed wand of secret door detection (0:9) S - an uncursed wand of sleep (0:3) Z - a cursed wand of striking (0:3) f - a cursed wand of teleportation (0:5) J - a cursed wand of teleportation (0:3) Tools i - a blessed greased bag of holding containing 67 items n - an uncursed greased sack named CANCEL containing 1 item d - an uncursed bugle u - an uncursed brass lantern (lit) l - an uncursed lock pick m - an uncursed magic marker (0:37) b - an uncursed towel x - a blessed +0 unicorn horn named poi/slp/shk/fir/cld Contents of the bag of holding: 8 blessed +0 daggers an uncursed -1 helm of brilliance an uncursed +0 shield of reflection an uncursed +0 cloak of protection 4 uncursed food rations an uncursed lembas wafer 6 uncursed tripe rations 3 uncursed lizard corpses 2 uncursed lizard corpses an uncursed scroll of punishment 4 uncursed scrolls of blank paper 2 cursed scrolls of blank paper an uncursed scroll of create monster a cursed scroll of create monster 2 uncursed scrolls of fire a cursed scroll of genocide a blessed scroll of remove curse an uncursed scroll of remove curse 3 uncursed scrolls of teleportation a blessed potion of full healing an uncursed diluted potion of gain energy a blessed potion of levitation 6 potions of holy water 5 potions of unholy water an uncursed potion of water an uncursed ring of conflict an uncursed ring of conflict named nc an uncursed ring of levitation named nc an uncursed ring of polymorph control an uncursed ring of protection from shape changers an uncursed wand of cold (0:4) an uncursed wand of cold (0:5) an uncursed wand of cold (0:4) a blessed wand of create monster (0:13) an uncursed wand of create monster (0:12) an uncursed wand of death named orcus used (0:4) an uncursed wand of digging (0:4) an uncursed wand of digging (0:4) an uncursed wand of digging (0:4) an uncursed wand of digging (0:4) an uncursed wand of digging (0:6) an uncursed wand of fire (0:5) an uncursed wand of fire (0:5) an uncursed wand of fire (0:4) an uncursed wand of fire (0:7) an uncursed wand of lightning (0:6) an uncursed wand of lightning (0:5) an uncursed wand of locking (0:4) an uncursed wand of secret door detection (0:8) a blessed wand of sleep (0:6) an uncursed wand of sleep (0:3) an uncursed wand of sleep (0:7) an uncursed wand of sleep (0:7) an uncursed wand of sleep (0:4) an uncursed wand of striking (0:1) an uncursed wand of striking (0:5) an uncursed wand of teleportation (0:6) an uncursed wand of teleportation (0:6) an uncursed wand of teleportation (0:5) an uncursed wand of teleportation (0:5) a blessed brass lantern a blessed brass lantern an uncursed can of grease (0:7) an uncursed magic marker (0:9) an uncursed oil lamp an uncursed +0 pick-axe a cursed +0 unicorn horn Contents of the sack named CANCEL: a potion of holy water Hackemslashem the Rogue's attributes: Background: You were a Robber, a level 17 male human Rogue. You were chaotic, on a mission for Kos who was opposed by Issek (lawful) and Mog (neutral). You were in the endgame, on the Astral Plane. You entered the dungeon 32032 turns ago. You had 654970 experience points, 625030 more were needed to attain level 18. Basics: You had 140 out of 223 hit points. You had all 97 energy points (spell power). Your armor class was -12. Your wallet contained 1009 zorkmids. Autopickup was on for '$?!="/' plus thrown, with exceptions. Final Characteristics: Your strength was 25 (base:18/32, innate limit:18/100). Your dexterity was 17 (peak:18, limit:18). Your constitution was 18 (limit:18). Your intelligence was 17 (limit:18). Your wisdom was 17 (limit:18). Your charisma was 12 (limit:18). Final Status: You were not hungry. You were unencumbered. You were wielding two weapons at once. You were skilled in broadsword and two weapons. You also were skilled in long sword and two weapons. Final Attributes: You were piously aligned. You were magic-protected. You were fire resistant. You were cold resistant. You were sleep resistant. You were shock resistant. You were poison resistant. You were level-drain resistant. You saw invisible. You were telepathic. You had automatic searching. You were invisible to others. You were stealthy. You had a small defense bonus (+1). You were guarded. You were very fast. You had reflection. You had free action. You survived. Miscellaneous: You disabled loading of bones levels. Total elapsed playing time was 9 hours, 13 minutes and 29 seconds. Vanquished creatures: Orcus Yeenoghu Juiblex the Wizard of Yendor (6 times) Pestilence Vlad the Impaler 2 arch-liches a high cleric 2 mastodons Medusa a kraken 3 iron golems 3 master liches 2 glass golems 2 gold dragons 6 red dragons 2 white dragons an orange dragon 5 black dragons 2 blue dragons 2 green dragons 10 minotaurs 2 jabberwocks the Master Assassin 2 baluchitheria 5 Angels 6 demiliches 3 stone golems a master mind flayer 3 Olog-hai 2 Nazgul 4 pit fiends 4 hell hounds 4 titanotheres a trapper 13 guardian nagas 2 genetic engineers 29 vampire leaders 5 skeletons 13 aligned clerics 3 captains 5 shades 7 liches a clay golem 2 nurses 4 ice devils 2 nalfeshnees a lurker above 2 Aleaxes 2 ettins a golden naga 2 black puddings 28 vampires 3 lieutenants 42 ghosts 2 healers 4 queen bees 2 winged gargoyles 5 giant mimics 3 long worms 3 zruties 7 fire giants 4 ogre tyrants an ice troll 9 rock trolls 4 umber hulks a flesh golem an elven monarch a doppelganger 4 hezrous 4 bone devils 9 large mimics a fire vortex 9 stalkers an air elemental 5 fire elementals 4 earth elementals 11 water elementals 2 hill giants a giant mummy a black naga 6 xorns 13 giant zombies an elf-noble 5 sergeants 9 barbed devils 10 vrocks 5 salamanders 2 wargs a winter wolf 2 hell hound pups 8 small mimics a glass piercer 5 warhorses 5 steam vortices an ettin mummy 2 ogre leaders 3 quantum mechanics 11 trolls 2 sasquatches 3 wood golems an erinys 3 mariliths a shark an electric eel 9 gelatinous cubes 2 pyrolisks 2 large dogs 4 freezing spheres 2 flaming spheres 4 shocking spheres 4 large cats 2 tigers 6 gargoyles 3 dwarf rulers 3 tengu 2 ochre jellies 6 leocrottas 2 energy vortices a mountain centaur 4 elf mummies 2 human mummies 3 red nagas 2 green slimes 3 pythons 3 pit vipers 2 cobras 35 wraiths 13 ettin zombies a leather golem 4 Grey-elves 47 soldiers 7 amorous demons 4 horned devils 18 chameleons 3 crocodiles 15 giant beetles a quivering blob 13 cockatrices 10 wolves 2 winter wolf cubs a lynx 3 panthers 5 gremlins a spotted jelly 59 leprechauns 3 orc-captains 4 iron piercers a mumak 6 giant spiders a scorpion a horse 8 vampire bats 3 gnome rulers 5 dwarf mummies 2 brown puddings 7 rust monsters 7 owlbears 6 yetis 2 gold golems 3 Green-elves a piranha a giant eel 10 lizards 8 chickatrices 2 dingoes 3 dogs 5 housecats 4 jaguars 3 dwarf leaders a blue jelly 3 white unicorns a black unicorn 3 dust vortices 3 ravens 4 plains centaurs 4 gnome mummies a snake 8 apes 25 human zombies 2 Woodland-elves 5 soldier ants 8 fire ants 6 bugbears 2 imps 6 wood nymphs 19 water nymphs a mountain nymph 12 Mordor orcs 12 Uruk-hai 4 rock piercers 4 rock moles 3 ponies 2 fog clouds 7 yellow lights 2 shriekers 5 violet fungi 8 gnome leaders 4 gnomish wizards 3 kobold mummies a black naga hatchling a golden naga hatchling 3 gray oozes 2 barrow wights 20 elf zombies 18 ghouls 4 straw golems 2 jellyfish a baby crocodile 19 giant ants 2 little dogs 8 floating eyes 2 kittens 12 dwarves 3 homunculi 37 hill orcs 22 rothes a rabid rat 3 centipedes 3 giant bats 4 monkeys 12 orc zombies 12 dwarf zombies a wererat a werejackal 4 iguanas 76 killer bees 4 acid blobs 2 coyotes a gas spore 8 hobbits 4 manes 2 large kobolds 8 hobgoblins 8 giant rats 14 cave spiders a brown mold 3 yellow molds a red mold 33 gnomes 11 gnome zombies 8 geckos 5 jackals 3 foxes 3 kobolds 4 goblins a sewer rat 16 grid bugs a bat 9 lichens 14 kobold zombies 10 newts 1486 creatures vanquished. No species were genocided or became extinct. Voluntary challenges: You read items or engraved 130 times. You engraved Elbereth 9 times. You never genocided any monsters. You never polymorphed an object. You never changed form. You used 8 wishes. You did not wish for any artifacts. You violated the special Sokoban rules once. Achievements: You attained the rank of Cutpurse. You entered the Gnomish Mines. You attained the rank of Rogue. You entered Sokoban. You entered a temple. You completed Sokoban. You entered Minetown. You entered a shop. You attained the rank of Pilferer. You defeated Medusa. You entered Gehennom. You attained the rank of Robber. You handled the Bell of Opening. You handled the Candelabrum of Invocation. You handled the Book of the Dead. You gained access to Moloch's Sanctum. You reached the Elemental Planes. You reached the Astral Plane. You delivered the Amulet of Yendor. You ascended! The Elemental Planes: Astral Plane: <- You are here. A temple to Kos. Plane of Water: Plane of Fire: Plane of Air: Plane of Earth: The Dungeons of Doom: levels 1 to 28 Level 1: A fountain. One way stairs up to The Elemental Planes. Level 2: A fountain. Level 3: Level 4: Stairs down to The Gnomish Mines. Level 5: Level 6: A fountain. Oracle of Delphi. Level 7: Stairs up to Sokoban, level 6. Level 8: Level 9: Level 10: Level 11: "PROCESSING PLANT" A temple to Kos. Level 12: Portal to The Quest. Level 13: Level 14: A grave. Level 15: "sink looted" A sink. Level 16: "POOLS!!!!!! ~~~~~~~~~~~~" Level 17: A primitive area. Level 18: Level 19: A temple. Level 20: Level 21: Level 22: An altar to Kos, a sink. Level 23: Level 24: Level 25: Level 26: Level 27: Level 28: The castle. Connection to Gehennom. Gehennom: levels 29 to 49 Level 29: A temple, many graves. Valley of the Dead. Level 30: Level 31: Level 32: Level 33: Level 34: Level 35: Some fountains. Level 36: Level 37: Level 38: Some shops, an altar, some graves. Level 39: Stairs up to Vlad's Tower, level 38. Level 40: Level 41: Level 42: Level 43: Level 44: Level 45: Level 46: Level 47: Level 48: Level 49: A temple, many graves. Moloch's Sanctum. The Gnomish Mines: levels 5 to 8 Level 5: Level 6: Level 7: Level 8: "NO GEN STORE" Many shops, a temple, some fountains. The Quest: levels 1 to 5 Level 1: Completed quest for the Master of Thieves. Level 2: Level 3: Level 4: "level teleport trap" Level 5: Sokoban: levels 6 up to 3 Level 3: Solved. Level 4: Solved. Level 5: "dagger behind rock" Solved. Level 6: Solved. Vlad's Tower: levels 38 up to 36 Level 36: Level 37: Level 38: Goodbye hackemslashem the Demigod... You went to your reward with 1475494 points, Stormbringer (worth 8000 zorkmids and 20000 points) 1 amulet of life saving (worth 150 zorkmids), 1 amulet of reflection (worth 150 zorkmids), and 1009 pieces of gold, after 32032 moves. You were level 17 with a maximum of 223 hit points when you ascended.